TOP OF THE 1ST |
Durham Rapiers batting - Pitching for Yakima Hops : LHP Felipe Lozano
|
Pitching: LHP Felipe Lozano
|
|
Batting: RHB Lu-fang Koo
|
0-0: Foul Ball, location: 2F 0-1: Ball 1-1: Ball 2-1: Ball 3-1: Base on Balls
|
Batting: RHB Harlan Thompson
|
0-0: Called Strike Lu-fang Koo steals 2nd base 0-1: Foul Ball, location: 2F 0-2: Foul Ball, location: 2F 0-2: Ball 1-2: Foul Ball, location: 2F 1-2: Foul Ball, location: 2F 1-2: Foul Ball, location: 2F 1-2: Ball 2-2: DOUBLE (Flyball, 8RXD) Lu-fang Koo scores
|
Batting: RHB Juan Guzmán
|
0-0: Called Strike 0-1: DOUBLE (Line Drive, 9LS) Harlan Thompson scores
|
Batting: RHB Huai-yi Yang
|
0-0: Foul Ball, location: 2F 0-1: Foul Ball, location: 2F 0-2: Foul Ball, location: 2F 0-2: Ground out 5-3 (Groundball, 56)
|
Batting: RHB Mason Congdon
|
0-0: Called Strike 0-1: Ball 1-1: SINGLE (Line Drive, 56D) Juan Guzmán to third
|
Batting: SHB Cash Masters
|
0-0: Ball 1-0: Foul Ball, location: 2F 1-1: Ball 2-1: Foul Ball, location: 2F 2-2: Strikes out swinging
|
Batting: RHB Tso-i Wang
|
0-0: Foul Ball, location: 2F 0-1: Ball 1-1: Foul Ball, location: 2F 1-2: Strikes out swinging
|
Top of the 1st over - 2 runs, 3 hits, 0 errors, 2 left on base; Durham 2 - Yakima 0 |
BOTTOM OF THE 1ST |
Yakima Hops batting - Pitching for Durham Rapiers : LHP Allen Werner
|
Pitching: LHP Allen Werner
|
|
Batting: SHB Zack Murphy
|
0-0: Fly out, F4 (Popup, 4S)
|
Batting: RHB Bob Houghton
|
0-0: Called Strike 0-1: Foul Ball, location: 2F 0-2: Ball 1-2: Ball 2-2: Ball 3-2: Base on Balls
|
Batting: RHB Vonne Navarrete
|
0-0: Fielders Choice at 2nd, 5-4 (Groundball, 56)
|
Batting: LHB Gustavo Deleón
|
0-0: Called Strike 0-1: Foul Ball, location: 2F 0-2: Strikes out swinging
|
Bottom of the 1st over - 0 runs, 0 hits, 0 errors, 1 left on base; Durham 2 - Yakima 0 |
TOP OF THE 2ND |
Durham Rapiers batting - Pitching for Yakima Hops : LHP Felipe Lozano
|
Batting: LHB Dante Aristizabal
|
0-0: SINGLE (Groundball, 3D)
|
Batting: RHB Yoshi Kouda
|
0-0: Ball 1-0: Called Strike 1-1: Called Strike 1-2: Foul Ball, location: 2F 1-2: Strikes out swinging
|
Batting: RHB Lu-fang Koo
|
0-0: Called Strike 0-1: Fly out, F7 (Flyball, 78S)
|
Batting: RHB Harlan Thompson
|
0-0: Foul Ball, location: 2F 0-1: Called Strike 0-2: Strikes out swinging
|
Top of the 2nd over - 0 runs, 1 hit, 0 errors, 1 left on base; Durham 2 - Yakima 0 |
BOTTOM OF THE 2ND |
Yakima Hops batting - Pitching for Durham Rapiers : LHP Allen Werner
|
Batting: RHB Lee Scrooby
|
0-0: Called Strike 0-1: Ground out 6-3 (Groundball, 6)
|
Batting: LHB Wulf Paauwe
|
0-0: Ball 1-0: Ball 2-0: Foul Ball, location: 2F 2-1: Ball 3-1: Called Strike 3-2: Base on Balls
|
Batting: RHB Carlo Beedle
|
0-0: Swinging Strike 0-1: Called Strike 0-2: Ball 1-2: Foul Ball, location: 2F 1-2: Ball 2-2: Ball 3-2: Grounds into double play, 5-4-3 (Groundball, 56)
|
Bottom of the 2nd over - 0 runs, 0 hits, 0 errors, 0 left on base; Durham 2 - Yakima 0 |
TOP OF THE 3RD |
Durham Rapiers batting - Pitching for Yakima Hops : LHP Felipe Lozano
|
Batting: RHB Juan Guzmán
|
0-0: Ground out 4-3 (Groundball, 34)
|
Batting: RHB Huai-yi Yang
|
0-0: Called Strike 0-1: Foul Ball, location: 2F 0-2: Foul Ball, location: 2F 0-2: Strikes out swinging
|
Batting: RHB Mason Congdon
|
0-0: Foul Ball, location: 2F 0-1: Ball 1-1: Swinging Strike 1-2: Ball 2-2: Ball 3-2: Base on Balls
|
Batting: SHB Cash Masters
|
0-0: Ball 1-0: Called Strike 1-1: Foul Ball, location: 2F 1-2: Fly out, F7 (Flyball, 7)
|
Top of the 3rd over - 0 runs, 0 hits, 0 errors, 1 left on base; Durham 2 - Yakima 0 |
BOTTOM OF THE 3RD |
Yakima Hops batting - Pitching for Durham Rapiers : LHP Allen Werner
|
Batting: RHB Luis León
|
0-0: Called Strike 0-1: Swinging Strike 0-2: Ball 1-2: Ball 2-2: Foul Ball, location: 2F 2-2: Strikes out swinging
|
Batting: LHB Héctor Velázquez
|
0-0: Ground out 4-3 (Groundball, 4)
|
Batting: SHB Zack Murphy
|
0-0: Ball 1-0: Ball 2-0: Fly out, F9 (Flyball, 9LM)
|
Bottom of the 3rd over - 0 runs, 0 hits, 0 errors, 0 left on base; Durham 2 - Yakima 0 |
TOP OF THE 4TH |
Durham Rapiers batting - Pitching for Yakima Hops : LHP Felipe Lozano
|
Batting: RHB Tso-i Wang
|
0-0: Ball 1-0: Ball 2-0: Called Strike 2-1: Foul Ball, location: 2F 2-2: Foul Ball, location: 2F 2-2: Ball 3-2: Strikes out swinging
|
Batting: LHB Dante Aristizabal
|
0-0: Called Strike 0-1: Ball 1-1: Called Strike 1-2: Ball 2-2: Fly out, F9 (Flyball, 89D)
|
Batting: RHB Yoshi Kouda
|
0-0: Ball 1-0: Ball 2-0: Called Strike 2-1: Foul Ball, location: 2F 2-2: SINGLE (Groundball, 6MD)
|
Batting: RHB Lu-fang Koo
|
0-0: Called Strike Yoshi Kouda steals 2nd base 0-1: Swinging Strike 0-2: Foul Ball, location: 2F 0-2: Foul Ball, location: 2F 0-2: Ball 1-2: Foul Ball, location: 2F 1-2: Ball 2-2: Ball 3-2: Base on Balls
|
Batting: RHB Harlan Thompson
|
0-0: Ball 1-0: Foul Ball, location: 2F 1-1: Ball 2-1: Foul Ball, location: 2F 2-2: Fly out, F8 (Flyball, 8RD)
|
Top of the 4th over - 0 runs, 1 hit, 0 errors, 2 left on base; Durham 2 - Yakima 0 |
BOTTOM OF THE 4TH |
Yakima Hops batting - Pitching for Durham Rapiers : LHP Allen Werner
|
Batting: RHB Bob Houghton
|
0-0: Ball 1-0: Ball 2-0: Reached via error on a dropped throw, E3
|
Batting: RHB Vonne Navarrete
|
0-0: SINGLE (Groundball, 34S) (infield hit) Bob Houghton to second
|
Batting: LHB Gustavo Deleón
|
0-0: Called Strike 0-1: Ball 1-1: Ball 2-1: Ball 3-1: Base on Balls Bob Houghton to third Vonne Navarrete to second
|
Batting: RHB Lee Scrooby
|
0-0: Called Strike 0-1: Called Strike 0-2: Fly out, F9 (Flyball, 9LS) Runner from 3rd tags up, SCORES, no throw
|
Batting: LHB Wulf Paauwe
|
0-0: Called Strike 0-1: Foul Ball, location: 2F 0-2: Ball 1-2: Ball 2-2: Ball 3-2: Ground out 4-3 (Groundball, 34D) Vonne Navarrete to third Gustavo Deleón to second
|
Batting: RHB Carlo Beedle
|
0-0: Ball 1-0: Foul Ball, location: 2F 1-1: Foul Ball, location: 2F 1-2: Ball 2-2: Foul Ball, location: 2F 2-2: Ground out 5-3 (Groundball, 56)
|
Bottom of the 4th over - 1 run, 1 hit, 1 error, 2 left on base; Durham 2 - Yakima 1 |
TOP OF THE 5TH |
Durham Rapiers batting - Pitching for Yakima Hops : LHP Felipe Lozano
|
Batting: RHB Juan Guzmán
|
0-0: Called Strike 0-1: Swinging Strike 0-2: Strikes out swinging
|
Pitching: RHP Rodrigo Hagen
|
|
Batting: RHB Huai-yi Yang
|
0-0: Swinging Strike 0-1: Foul Ball, location: 2F 0-2: Foul Ball, location: 2F 0-2: Strikes out swinging
|
Batting: RHB Mason Congdon
|
0-0: Called Strike 0-1: Ball 1-1: Ball 2-1: Swinging Strike 2-2: Strikes out swinging
|
Top of the 5th over - 0 runs, 0 hits, 0 errors, 0 left on base; Durham 2 - Yakima 1 |
BOTTOM OF THE 5TH |
Yakima Hops batting - Pitching for Durham Rapiers : LHP Allen Werner
|
Batting: RHB Luis León
|
0-0: Ball 1-0: Ball 2-0: Foul Ball, location: 2F 2-1: Foul Ball, location: 2F 2-2: Ball 3-2: Fly out, F8 (Flyball, 89D)
|
Batting: LHB Héctor Velázquez
|
0-0: Ball 1-0: SINGLE (Line Drive, 8LS)
|
Batting: SHB Zack Murphy
|
0-0: Ball 1-0: Fly out, F8 (Flyball, 89D)
|
Batting: RHB Bob Houghton
|
0-0: Called Strike 0-1: Ball 1-1: Foul Ball, location: 2F 1-2: Fly out, F4 (Line Drive, 4)
|
Bottom of the 5th over - 0 runs, 1 hit, 0 errors, 1 left on base; Durham 2 - Yakima 1 |
TOP OF THE 6TH |
Durham Rapiers batting - Pitching for Yakima Hops : RHP Rodrigo Hagen
|
Batting: SHB Cash Masters
|
0-0: Foul Ball, location: 2F 0-1: Ground out 4-3 (Groundball, 34D)
|
Batting: RHB Tso-i Wang
|
0-0: Swinging Strike 0-1: Ground out 5-3 (Groundball, 56)
|
Batting: LHB Dante Aristizabal
|
0-0: Ball 1-0: Foul Ball, location: 2F 1-1: Ball 2-1: Ball 3-1: Base on Balls
|
Batting: RHB Yoshi Kouda
|
0-0: Foul Ball, location: 2F 0-1: Ball Wild Pitch! Dante Aristizabal to second 1-1: Foul Ball, location: 2F 1-2: Ball 2-2: Foul Ball, location: 2F 2-2: Foul Ball, location: 2F 2-2: Ball 3-2: Strikes out swinging
|
Top of the 6th over - 0 runs, 0 hits, 0 errors, 1 left on base; Durham 2 - Yakima 1 |
BOTTOM OF THE 6TH |
Yakima Hops batting - Pitching for Durham Rapiers : LHP Allen Werner
|
Batting: RHB Vonne Navarrete
|
0-0: SINGLE (Groundball, 6MD)
|
Batting: LHB Gustavo Deleón
|
0-0: Ball 1-0: Swinging Strike 1-1: Fielders Choice at 2nd, 6-4 (Groundball, 6)
|
Batting: RHB Lee Scrooby
|
0-0: Ball 1-0: Ball 2-0: Ball 3-0: Base on Balls Gustavo Deleón to second
|
Batting: LHB Wulf Paauwe
|
0-0: Ball 1-0: Foul Ball, location: 2F 1-1: Ball 2-1: Foul Ball, location: 2F 2-2: Ball 3-2: Fly out, F9 (Flyball, 89D) Runner from 2nd tags up, SAFE at 3rd, no throw
|
Batting: RHB Carlo Beedle
|
0-0: Ball 1-0: Foul Ball, location: 2F 1-1: Swinging Strike 1-2: Foul Ball, location: 2F 1-2: Ground out 4-3 (Groundball, 4)
|
Bottom of the 6th over - 0 runs, 1 hit, 0 errors, 2 left on base; Durham 2 - Yakima 1 |
TOP OF THE 7TH |
Durham Rapiers batting - Pitching for Yakima Hops : RHP Rodrigo Hagen
|
Batting: RHB Lu-fang Koo
|
0-0: Called Strike 0-1: Ball 1-1: Foul Ball, location: 2F 1-2: Ball 2-2: Foul Ball, location: 2F 2-2: Strikes out swinging
|
Batting: RHB Harlan Thompson
|
0-0: Called Strike 0-1: Called Strike 0-2: Foul Ball, location: 2F 0-2: Strikes out looking
|
Batting: RHB Juan Guzmán
|
0-0: Ball 1-0: Foul Ball, location: 2F 1-1: Ball 2-1: Ball 3-1: Fly out, F7 (Flyball, 7)
|
Top of the 7th over - 0 runs, 0 hits, 0 errors, 0 left on base; Durham 2 - Yakima 1 |
BOTTOM OF THE 7TH |
Yakima Hops batting - Pitching for Durham Rapiers : LHP Allen Werner
|
Batting: RHB Luis León
|
0-0: Foul Ball, location: 2F 0-1: Ground out 5-3 (Groundball, 5)
|
Pitching: RHP António Fernández
|
|
Batting: LHB Héctor Velázquez
|
0-0: Fly out, F7 (Flyball, 7)
|
Batting: SHB Zack Murphy
|
0-0: Called Strike 0-1: Called Strike 0-2: Ball 1-2: Ball 2-2: Ball 3-2: Foul Ball, location: 2F 3-2: Strikes out looking
|
Bottom of the 7th over - 0 runs, 0 hits, 0 errors, 0 left on base; Durham 2 - Yakima 1 |
TOP OF THE 8TH |
Durham Rapiers batting - Pitching for Yakima Hops : RHP Rodrigo Hagen
|
Batting: RHB Huai-yi Yang
|
0-0: Ball 1-0: Ball 2-0: Ball 3-0: Base on Balls
|
Batting: RHB Mason Congdon
|
0-0: Grounds into double play, 6-4-3 (Groundball, 6M)
|
Batting: SHB Cash Masters
|
0-0: Foul Ball, location: 2F 0-1: Ball 1-1: Ball 2-1: Ground out 4-3 (Groundball, 4)
|
Top of the 8th over - 0 runs, 0 hits, 0 errors, 0 left on base; Durham 2 - Yakima 1 |
BOTTOM OF THE 8TH |
Yakima Hops batting - Pitching for Durham Rapiers : RHP António Fernández
|
Batting: RHB Bob Houghton
|
0-0: Ball 1-0: Called Strike 1-1: Called Strike 1-2: Foul Ball, location: 2F 1-2: Ball 2-2: Ball 3-2: Base on Balls
|
Batting: RHB Vonne Navarrete
|
0-0: Ball 1-0: Called Strike 1-1: Ball 2-1: Ground out 5-3 (Groundball, 5S) Bob Houghton to second
|
Batting: LHB Gustavo Deleón
|
0-0: Ball 1-0: Swinging Strike 1-1: Swinging Strike 1-2: Foul Ball, location: 2F 1-2: Foul Ball, location: 2F 1-2: Hit by Pitch
|
Batting: RHB Lee Scrooby
|
0-0: Called Strike 0-1: Grounds into double play, 5-4-3 (Groundball, 56)
|
Bottom of the 8th over - 0 runs, 0 hits, 0 errors, 1 left on base; Durham 2 - Yakima 1 |
TOP OF THE 9TH |
Durham Rapiers batting - Pitching for Yakima Hops : RHP Rodrigo Hagen
|
Batting: RHB Tso-i Wang
|
0-0: Swinging Strike 0-1: Ball 1-1: Ball 2-1: Swinging Strike 2-2: Strikes out swinging
|
Batting: LHB Dante Aristizabal
|
0-0: Called Strike 0-1: Fly out, F8 (Flyball, 8LM)
|
Batting: RHB Yoshi Kouda
|
0-0: Ball 1-0: Ground out 5-3 (Groundball, 5)
|
Top of the 9th over - 0 runs, 0 hits, 0 errors, 0 left on base; Durham 2 - Yakima 1 |
BOTTOM OF THE 9TH |
Yakima Hops batting - Pitching for Durham Rapiers : RHP António Fernández
|
Pitching: RHP Bob Kennedy
|
|
Now at SS: Milos Jaksch
|
|
Batting: LHB Wulf Paauwe
|
0-0: Ball 1-0: Ball 2-0: Called Strike 2-1: Ball 3-1: Base on Balls
|
Batting: RHB Carlo Beedle
|
0-0: Ball 1-0: Ball 2-0: Called Strike 2-1: Swinging Strike 2-2: Ground out 4-3 (Groundball, 34) Wulf Paauwe to second
|
Batting: RHB Luis León
|
0-0: Called Strike 0-1: Swinging Strike 0-2: Ball 1-2: Ball 2-2: Strikes out swinging
|
Batting: LHB Héctor Velázquez
|
0-0: Called Strike 0-1: Swinging Strike 0-2: Strikes out swinging
|
Bottom of the 9th over - 0 runs, 0 hits, 0 errors, 1 left on base; Durham 2 - Yakima 1 |
|